 Dungeon Crawl Stone Soup version 0.26-a0-50-gc4d14cd842 (webtiles) character file.

Game seed: 11756164662120955198

4400 Lanoc the Basher (level 10, -23/86 HPs)
             Began as a Demonspawn Chaos Knight on June 4, 2020.
             Was a Plaything of Xom.
             Annihilated by an ogre
             ... wielding a +0 giant club
              (29 damage)
             ... on level 9 of the Dungeon.
             The game lasted 00:22:57 (11519 turns).

Lanoc the Basher (Demonspawn Chaos Knight)         Turns: 11519, Time: 00:22:57

Health: -23/86     AC: 16    Str: 14    XL:     10   Next: 13%
Magic:  10/10      EV:  9    Int: 13    God:    Xom [....*.]
Gold:   519        SH:  5    Dex: 17    Spells: 9/9 levels left

rFire    + + .     SeeInvis .   a - +3 flail (chaos)
rCold    + . .     Gourm    .   (no shield)
rNeg     . . .     Faith    .   y - +1 chain mail of Sesot {*Drain rPois MR+++} (curse)
rPois    +         Spirit   .   (helmet unavailable)
rElec    .         Reflect  +   (no cloak)
rCorr    .         Harm     .   (no gloves)
MR       +++..     Rnd*Rage +   (no boots)
Stlth    +.........             t - amulet of reflection
HPRegen  0.24/turn              w - ring of wizardry
MPRegen  0.12/turn              (no ring)

@: no status effects
A: horns 3, molten scales 3, camouflage 1, berserk 1, blink, cold resistance 1,
deterioration 1, fire resistance 1, nightstalker 1, sense surroundings 1, robust
1, shaggy fur 1, strong 1, wild magic 1, evolution 1
a: Blink, Renounce Religion


You were on level 9 of the Dungeon.
You worshipped Xom.
You were a beloved toy of Xom.
You were not hungry.

You visited 2 branches of the dungeon, and saw 10 of its levels.

You collected 519 gold pieces.

Inventory:

Hand Weapons
 a - a +3 flail of chaos (weapon)
Missiles
 B - 3 curare-tipped darts (quivered)
Armour
 b - a +2 leather armour
 y - the cursed +1 chain mail of Sesot (worn) {*Drain rPois MR+++}
   (You found it on level 8 of the Dungeon)

   It protects you from poison.
   It affects your resistance to hostile enchantments.
   It causes draining when unequipped.
   It has a curse placed upon it.
Jewellery
 t - an amulet of reflection (around neck)
 w - a ring of wizardry (left hand)
Wands
 p - a wand of random effects (11)
Scrolls
 h - 5 scrolls of remove curse
 i - 3 scrolls of teleportation
 j - 2 scrolls of fog
 l - 2 scrolls of identify
 m - 4 scrolls of magic mapping
 r - 3 scrolls of immolation
 s - a scroll of enchant armour
 u - 2 scrolls of fear
Potions
 d - a potion of magic
 e - 3 potions of stabbing
 f - 3 potions of mutation
 g - 4 potions of haste
 k - a potion of invisibility
 n - 2 potions of curing
 o - a potion of brilliance {unknown}
 q - 2 potions of resistance
 x - 2 potions of lignification
 z - a potion of heal wounds
 A - a potion of ambrosia
 D - a potion of cancellation {unknown}
Miscellaneous
 C - a phial of floods
Comestibles
 c - 11 rations


   Skills:
 + Level 7.2 Fighting
 * Level 9.1 Maces & Flails
 + Level 6.3 Armour
 + Level 6.1 Dodging


You had 9 spell levels left.
You didn't know any spells.
Your spell library contained the following spells:

 Spells                   Type           Power        Failure   Level  Hunger
 Beastly Appendage        Tmut           #.....       93%         1    ##.....
 Sticks to Snakes         Tmut           #.......     98%         2    ###....
 Spider Form              Tmut/Pois      #.........   99%         3    ####...
 Ice Form                 Ice/Tmut       #.......     100%        4    #####..
 Blade Hands              Tmut           #.........   100%        5    ######.


Dungeon Overview and Level Annotations

Branches:
Dungeon (9/15)             Temple (1/1) D:7
   Lair: D:8-11         Orc: D:9-12

Altars:
Fedhas
Kikubaaqudgha
Makhleb
Ru
Xom

Shops:
D:4 %   D:5 =

Annotations:
D:9 Harold


Innate Abilities, Weirdness & Mutations

You have a pair of large horns on your head.
You are completely covered in molten scales. (AC +4, rF+)
You are slightly more attuned to the shadows.
Your skin changes colour to match your surroundings (Stealth+).
You tend to lose your temper in combat.
You can translocate small distances at will.
Your flesh is cold resistant. (rC+)
Your body sometimes deteriorates upon taking damage.
Your flesh is heat resistant. (rF+)
You passively map a small area around you.
You are robust. (+10% HP)
You are covered in fur. (AC +1)
Your muscles are strong. (Str +2)
Your spells are a little harder to cast, but a little more powerful.
You evolve.


Message History

The ogre is heavily wounded.
The ogre hits you with a +0 giant club!
You hit the ogre. You burn the ogre.
The ogre is severely wounded.
You hit the ogre.
The ogre goes berserk!
The ogre is severely wounded.
The ogre hits you with a +0 giant club!
You hit the ogre. You burn the ogre.
The ogre is almost dead.
The ogre hits you with a +0 giant club!!
* * * LOW HITPOINT WARNING * * *
The ogre hits you with a +0 giant club!!!
You die... "Oh, no, you don't!"
Xom revives you!
You barely miss the ogre.
The ogre is almost dead.
The ogre hits you with a +0 giant club!!
You die...
Xom cackles wildly!

, , * #.# * * , #.# , *
, , #.# #.# #.# # * #(#
#.# #.# ##### ..# , #.#
#.# #.# #...##..###*
#.# #.# #.# #.#.......,
#.# #.# #.####.@O##..#
* * *
#)####.###.......##...#
,
#.5........)........#.#
#####.#.###########.#.#
#.###.......)).))..# *
* ## #.##..#..####.###
#.......≈§≈≈.....#
##..§≈≈≈≈≈§§≈....#
#..≈≈≈≈§≈≈≈≈≈≈...#


You could see an ogre (berserk).

Vanquished Creatures
  A two-headed ogre (D:9)
  A hippogriff (D:9)
  A spriggan (D:8)
  A hungry ghost (D:8)
  Eustachio (D:4)
  A naga (D:5)
  2 orc warriors
  2 sky beasts (D:8)
  A black bear (D:6)
  An ice beast (D:5)
  A phantom (D:5)
  2 ogres
  2 centaurs (D:8)
  A big kobold (D:8)
  A bullfrog (D:8)
  Blork the orc (D:4)
  2 scorpions
  7 killer bees
  4 wights (D:9)
  6 crimson imps
  5 hounds
  12 orc wizards
  6 orc priests
  5 worker ants
  3 gnolls (D:5)
  A howler monkey skeleton (D:4)
  10 adders
  2 shadow imps
  An ooze (D:3)
  2 adder zombies
  An adder skeleton (D:5)
  2 worms
  3 dart slugs
  4 leopard geckos
  34 orcs
  4 ball pythons
  13 bats
  8 giant cockroaches
  6 goblins
  6 hobgoblins
  4 jackals (D:1)
  7 quokkas
  5 frilled lizards
  2 jackal zombies (D:5)
  10 kobolds
  8 rats
203 creatures vanquished.

Vanquished Creatures (collateral kills)
  A centaur (D:9)
  A wight (D:9)
2 creatures vanquished.

Vanquished Creatures (others)
  A dancing weapon (D:9)
  2 killer bees (D:8)
  A kobold (D:8)
4 creatures vanquished.

Grand Total: 209 creatures vanquished

Notes
Turn   | Place    | Note
-------+----------+-------------------------------------------
     0 | D:1      | Lanoc the Demonspawn Chaos Knight began the quest for the
                  | Orb.
     0 | D:1      | Reached XP level 1. HP: 18/18 MP: 1/1
    40 | D:1      | Reached skill level 1 in Dodging
   129 | D:1      | XOM: 5-stop teleportation journey
   143 | D:1      | Gained mutation: You are slightly more attuned to the
                  | shadows. [demonic ancestry]
   143 | D:1      | Reached XP level 2. HP: 24/24 MP: 2/2
   148 | D:1      | Reached skill level 3 in Maces & Flails
   424 | D:1      | Reached XP level 3. HP: 20/29 MP: 3/3
   632 | D:1      | XOM: silly message
   740 | D:2      | XOM: smoke on damage
   869 | D:2      | XOM: silly message
  1031 | D:2      | XOM: polymorph adder -> giant cockroach
  1460 | D:2      | Reached XP level 4. HP: 25/35 MP: 4/4
  1480 | D:2      | XOM: 2-stop teleportation journey
  1542 | D:2      | XOM: give mutations
  1542 | D:2      | Gained mutation: You are robust. (+10% HP) [Xom's grace]
  1542 | D:2      | Gained mutation: Your flesh is heat resistant. (rF+) [Xom's
                  | grace]
  1542 | D:2      | Gained mutation: Your spells are a little harder to cast,
                  | but a little more powerful. [Xom's grace]
  1921 | D:2      | XOM: give mutations
  1921 | D:2      | Gained mutation: Your muscles are strong. (Str +2) [Xom's
                  | grace]
  1921 | D:2      | Gained mutation: You passively map a small area around you.
                  | [Xom's grace]
  2034 | D:3      | XOM: noise
  2954 | D:3      | XOM: 4-stop teleportation journey
  3050 | D:3      | XOM: 4-stop teleportation journey
  3074 | D:3      | XOM: divination: detect items
  3405 | D:4      | Gained mutation: You are partially covered in molten
                  | scales. (AC +2) [demonic ancestry]
  3405 | D:4      | Reached XP level 5. HP: 34/45 MP: 5/5
  3431 | D:4      | XOM: cloud trail
  3481 | D:4      | Found a sacrificial altar of Ru.
  3505 | D:4      | Noticed Eustachio
  3552 | D:4      | XOM: fog
  3554 | D:4      | XOM: divination: magic mapping
  3591 | D:4      | Killed Eustachio
  3591 | D:4      | Reached skill level 4 in Maces & Flails
  3591 | D:4      | Gained mutation: You have a pair of small horns on your
                  | head. [demonic ancestry]
  3591 | D:4      | Reached XP level 6. HP: 26/52 MP: 6/6
  3631 | D:4      | XOM: 2-stop teleportation journey
  4245 | D:4      | Found an ancient bone altar of Kikubaaqudgha.
  4267 | D:4      | XOM: fog
  4282 | D:4      | Reached skill level 5 in Maces & Flails
  4303 | D:4      | You fall into a shaft and drop 2 floors!
  4361 | D:6      | XOM: summons friendly crimson imp
  4374 | D:6      | HP: 2/79 [black bear (3)]
  4393 | D:6      | Gained mutation: You are mostly covered in molten scales.
                  | (AC +3) [demonic ancestry]
  4393 | D:6      | Reached XP level 7. HP: 39/60 MP: 7/7
  4659 | D:6      | XOM: 1-stop teleportation journey
  4671 | D:6      | XOM: 2-stop teleportation journey
  5055 | D:6      | XOM: swap monsters
  5092 | D:6      | XOM: noise
  5409 | D:7      | XOM: divination: detect items
  5973 | D:5      | Entered Level 5 of the Dungeon
  6136 | D:5      | XOM: scenery: create altars
  6170 | D:5      | Found Kiumoguff's Jewellery Shop.
  6201 | D:5      | XOM: polymorph ice beast -> naga
  6222 | D:4      | Found Ofinig's Food Shoppe.
  6301 | D:4      | Noticed Blork the orc
  6310 | D:4      | Killed Blork the orc
  6310 | D:4      | Reached skill level 5 in Fighting
  6339 | D:4      | XOM: give mutation
  6339 | D:4      | Gained mutation: Your mind is acute. (Int +2) [Xom's
                  | mischief]
  6488 | D:4      | Gained mutation: You have a pair of horns on your head.
                  | [demonic ancestry]
  6488 | D:4      | Reached XP level 8. HP: 64/68 MP: 8/8
  6502 | D:4      | Reached skill level 6 in Maces & Flails
  6533 | D:4      | XOM: noise
  6726 | D:4      | XOM: give mutations
  6726 | D:4      | Gained mutation: You are covered in fur. (AC +1) [Xom's
                  | grace]
  6726 | D:4      | Gained mutation: You can translocate small distances at
                  | will. [Xom's grace]
  6726 | D:4      | Gained mutation: Your flesh is cold resistant. (rC+) [Xom's
                  | grace]
  6885 | D:5      | XOM: smoke on damage
  6891 | D:5      | HP: 2/68 [naga (2)]
  7260 | D:5      | XOM: enchant monster (good)
  7279 | D:5      | XOM: chaos upgrade
  7446 | D:5      | XOM: divination: detect creatures
  7456 | D:5      | XOM: chaos cloud
  7930 | D:6      | Reached skill level 7 in Maces & Flails
  8009 | D:6      | XOM: give mutations
  8009 | D:6      | Gained mutation: You tend to lose your temper in combat.
                  | [Xom's mischief]
  8009 | D:6      | Gained mutation: Your body sometimes deteriorates upon
                  | taking damage. [Xom's mischief]
  8009 | D:6      | Lost mutation: Your mind is acute. (Int +2) [Xom's
                  | mischief]
  8009 | D:6      | Lost mutation: Your flesh is cold resistant. (rC+) [Xom's
                  | mischief]
  8015 | D:6      | XOM: summons 5 hostile demons
  8139 | D:6      | XOM: god gift: scroll labeled LYBLI SEMO {god gift}
  8282 | D:7      | Found a staircase to the Ecumenical Temple.
  8295 | Temple   | Entered the Ecumenical Temple
  9225 | D:8      | Found a sacrificial altar of Ru.
  9287 | D:8      | Reached skill level 5 in Armour
  9300 | D:8      | XOM: destruction
  9306 | D:8      | Gained mutation: You have a pair of large horns on your
                  | head. [demonic ancestry]
  9306 | D:8      | Reached XP level 9. HP: 37/75 MP: 9/9
  9384 | D:8      | XOM: god gift: glowing short sword {god gift}
  9676 | D:8      | XOM: 3-stop teleportation journey
  9766 | D:8      | Reached skill level 5 in Dodging
  9779 | D:8      | XOM: 4-stop teleportation journey
  9895 | D:8      | Got a shimmering chain mail
  9906 | D:8      | Identified the cursed +1 chain mail of Sesot {*Drain rPois
                  | MR+++} (You found it on level 8 of the Dungeon)
  9911 | D:8      | XOM: summons 2 friendly demons
 10112 | D:8      | XOM: polymorph electric eel -> adder
 10474 | D:8      | Reached skill level 8 in Maces & Flails
 10982 | D:9      | XOM: give mutations
 10982 | D:9      | Gained mutation: Your flesh is cold resistant. (rC+) [Xom's
                  | grace]
 10982 | D:9      | Gained mutation: You evolve. [Xom's grace]
 10982 | D:9      | Gained mutation: You are completely covered in molten
                  | scales. (AC +4, rF+) [Xom's grace]
 10982 | D:9      | Gained mutation: Your skin changes colour to match your
                  | surroundings (Stealth+). [Xom's grace]
 11035 | D:9      | Noticed Harold
 11194 | D:9      | XOM: summons 4 friendly demons
 11204 | D:9      | Noticed an orange demon
 11204 | D:9      | Noticed an orange demon
 11204 | D:9      | Noticed a hell beast
 11206 | D:9      | Noticed a rust devil
 11223 | D:9      | XOM: enchant monster (good)
 11247 | D:9      | XOM: fog
 11279 | D:9      | Found a burning altar of Makhleb.
 11282 | D:9      | Noticed a hellion
 11282 | D:9      | a hell beast changed into a hellion
 11282 | D:9      | XOM: polymorph hell beast -> hellion
 11351 | D:9      | Noticed a two-headed ogre
 11366 | D:9      | Killed a two-headed ogre
 11366 | D:9      | Reached skill level 9 in Maces & Flails
 11366 | D:9      | Reached XP level 10. HP: 26/86 MP: 10/10
 11518 | D:9      | Xom revived you
 11519 | D:9      | Annihilated by an ogre

Illustrated notes

Levels and vault maps discovered:
D:1:      dpeg_arrival_tiny_d, layout_rooms, minmay_pentomino_o2
D:2:      layout_loops_ring
D:3:      minmay_octagon_keep, layout_loops_corners
D:4:      layout_cave_pods, kiku_gazebo_pond_becter, first_ration, serial_shops,
          nicolae_shop_crystal, nicolae_ru_awakened_eye, uniq_blork_the_orc,
          uniq_eustachio
D:5:      layout_rooms, serial_shops, shop_fountains, corner_web_ring
D:6:      layout_loops_ring
D:7:      layout_layer_cave, minmay_temple_entry_stoned_glass
D:8:      layout_loops_corners, basic_altar, grunt_pizzeria,
          serial_bayou_pond_b, minmay_crossroads
D:9:      layout_loops_ring, lemuel_hellish_altar, uniq_harold
Temple:   minmay_crystal_snake_temple

Skill      XL: |  1  2  3  4  5  6  7  8  9 |
---------------+----------------------------+-----
Dodging        | 1 2 3 4 6 |  6.1
Maces & Flails | 3 4 5 7 9 |  9.1
Armour         | 2 3 4 5 6 |  6.3
Fighting       | 4 5 7 |  7.2

Action                   |  1- 3 |  4- 6 |  7- 9 | 10-12 || total
-------------------------+-------+-------+-------+-------++-------
Melee: Mace              |   113 |   178 |   183 |       ||   474
       Headbutt          |       |    19 |    80 |     1 ||   100
       Flail             |       |       |   287 |     6 ||   293
Throw: Dart              |       |       |     1 |       ||     1
Evoke: Wand              |       |     2 |     3 |       ||     5
  Use: Potion            |       |     5 |     1 |       ||     6
       Scroll            |       |       |    17 |       ||    17
 Stab: Sleeping          |     4 |     8 |     4 |       ||    16
       Petrifying        |     1 |     1 |     2 |       ||     4
       Distracted        |       |     2 |     1 |       ||     3
       Paralysed         |       |     3 |     9 |       ||    12
       Confused          |       |       |     1 |       ||     1
  Eat: Chunk             |     1 |    10 |    25 |       ||    36
Armor: Leather armour    |    64 |    61 |    86 |       ||   211
       Skin              |       |    32 |     1 |       ||    33
       Chain mail        |       |       |    54 |       ||    54
Dodge: Dodged            |    92 |   118 |   252 |     1 ||   463
Block: Other             |       |       |    62 |       ||    62
       Reflection        |       |       |     3 |       ||     3

Table legend:
 A = Non-vault XP
 B = Vault XP
 C = Vault XP percentage of total XP
 D = Non-vault monster count
 E = Vault monster count
 F = Vault count percentage of total count
                 A         B        C        D         E       F
            +---------+---------+-------+---------+---------+-------
      Total |    5633 |     653 |  10.4 |     194 |      11 |   5.4
            +---------+---------+-------+---------+---------+-------
        D:1 |      46 |       2 |   4.2 |      29 |       1 |   3.3
        D:2 |      80 |       0 |   0.0 |      19 |       0 |   0.0
        D:3 |      43 |      21 |  32.8 |      19 |       5 |  20.8
        D:4 |     421 |     288 |  40.6 |      28 |       2 |   6.7
        D:5 |     818 |       0 |   0.0 |      22 |       0 |   0.0
        D:6 |     547 |       0 |   0.0 |      15 |       0 |   0.0
        D:7 |     310 |       0 |   0.0 |      15 |       0 |   0.0
        D:8 |     975 |     342 |  26.0 |      17 |       3 |  15.0
        D:9 |    2393 |       0 |   0.0 |      30 |       0 |   0.0
            +---------+---------+-------+---------+---------+-------
